Map: Jagannatha LE

Players

Geralt (Gerald)

  • Race: Protoss Protoss
  • League: Grandmaster
  • Spawn Location: 1:00

BlyOnFire (Bly) - Winner!

  • Race: Zerg Zerg
  • Spawn Location: 7:00

Event: DreamHack SC2 Masters 2020 Winter

VOD

Have the link to the VOD?

Description

Time

  • Played on: Oct. 27, 2020, 1:23 p.m.
  • Length: 20:53

All games in this series

Show
View Real Time Build Order
Export as new Build Order

Geralt Protoss 

Build Orders: 1 Gate Expand, Oracle Opening, Zealot Archon 

Get SALT Encoding   

  12  0:00  Probe  
  13  0:13  Probe  
  14  0:20  Pylon  
  14  0:25  Probe  
  15  0:29  Assimilator  
  15  0:38  Probe (Chrono Boost)  
  16  0:45  Gateway  
  16  0:47  Probe (Chrono Boost)  
  17  0:52  Probe (Chrono Boost)  
  18  1:04  Probe  
  19  1:16  Probe  
  20  1:25  Nexus  
  20  1:35  Cybernetics Core  
  20  1:38  Probe  
  21  1:43  Assimilator  
  21  1:50  Probe  
  21  1:53  Pylon  
  22  2:02  Probe  
  23  2:09  Adept (Chrono Boost)  
  23  2:14  Probe  
  26  2:16  Stargate  
  26  2:27  Warp Gate, Probe  
  26  2:29  Adept (Chrono Boost)  
  29  2:37  Probe  
  29  2:39  Probe  
  31  2:49  Probe  
  31  2:51  Adept, Probe  
  33  2:54  Void Ray (Chrono Boost)  
  35  3:02  Probe  
  35  3:04  Probe  
  41  3:08  Pylon  
  41  3:14  Probe  
  41  3:18  Probe  
  43  3:21  Gateway  
  43  3:26  Probe  
  44  3:30  Probe  
  48  3:34  Oracle (Chrono Boost)  
  48  3:38  Probe  
  49  3:44  Probe  
  49  3:47  Pylon  
  50  3:50  Probe  
  51  4:01  Oracle (Chrono Boost)  
  54  4:13  Probe  
  54  4:14  Pylon  
  54  4:15  Nexus  
  55  4:18  Probe  
  56  4:25  Probe  
  56  4:30  Adept x2  
  56  4:31  Probe  
  60  4:34  Gateway  
  60  4:37  Gateway, Probe  
  60  4:42  Robotics Facility  
  60  4:44  Assimilator  
  60  4:46  Assimilator  
  60  4:48  Probe  
  60  4:50  Probe  
  60  4:52  Twilight Council  
  62  4:53  Forge  
  62  5:00  Probe  
  62  5:02  Gateway, Probe  
  64  5:12  Probe  
  65  5:18  Probe  
  66  5:22  Gateway  
  66  5:25  Probe  
  66  5:28  Probe  
  68  5:29  Protoss Ground Weapons Level 1 (Chrono Boost)  
  68  5:31  Probe  
  69  5:37  Probe  
  69  5:38  Zealot x2  
  69  5:40  Probe  
  75  5:43  Zealot, Probe  
  75  5:44  Zealot  
  75  5:49  Probe, Templar Archives  
  79  5:52  Probe  
  79  5:55  Probe  
  80  6:01  Charge, Zealot x2, Probe  
  85  6:04  Probe  
  85  6:05  Pylon  
  85  6:11  Pylon  
  85  6:17  Shield Battery  
  85  6:19  Pylon  
  85  6:20  Assimilator  
  85  6:22  Assimilator  
  85  6:23  Probe x3  
  88  6:26  Pylon  
  88  6:27  Observer (Chrono Boost)  
  88  6:28  Pylon  
  89  6:35  Probe x3  
  92  6:41  Warp Prism (Chrono Boost)  
  92  6:46  High Templar x2  
  95  6:47  Probe x3  
  98  7:00  Probe  
  97  7:02  High Templar x2  
  97  7:03  Zealot x2  
  97  7:04  Probe x2  
  97  7:07  Gateway  
  97  7:08  Gateway  
  103  7:10  Archon x2  
  103  7:11  Immortal (Chrono Boost)  
  103  7:12  Probe  
  103  7:14  Gateway  
  108  7:17  Probe  
  109  7:23  Zealot x4  
  117  7:32  Nexus  
  117  7:35  Phoenix (Chrono Boost), Probe  
  120  7:43  Zealot  
  120  7:44  Zealot  
  116  7:51  Zealot  
  116  7:52  Zealot  
  116  7:57  Probe  
  121  8:04  Probe x2  
  123  8:07  Photon Cannon  
  123  8:09  Probe  
  124  8:13  Pylon  
  124  8:14  Pylon  
  124  8:16  Stargate, Probe  
  124  8:18  Psionic Storm  
  125  8:24  Protoss Ground Weapons Level 2 (Chrono Boost)  
  125  8:31  Phoenix, Probe x2  
  125  8:32  Zealot  
  131  8:36  Stalker x3  
  131  8:40  Probe  
  132  8:42  Pylon  
  132  8:43  Probe  
  132  8:44  Photon Cannon, Probe  
  134  8:51  High Templar x7  
  134  8:55  Pylon  
  148  9:00  Probe x3  
  151  9:02  Photon Cannon  
  151  9:03  Photon Cannon  
  155  9:12  Probe  
  155  9:13  Probe  
  153  9:18  Pylon, Blink  
  153  9:20  Pylon  
  153  9:21  Pylon  
  153  9:22  Pylon  
  153  9:24  Probe x2  
  153  9:29  Gateway  
  155  9:32  Pylon  
  155  9:34  Zealot  
  155  9:35  Probe  
  155  9:38  Assimilator  
  155  9:42  Assimilator  
  155  9:45  Photon Cannon  
  155  9:47  Photon Cannon  
  152  9:54  Probe (Chrono Boost)  
  152  9:58  Probe (Chrono Boost)  
  152  9:59  Probe (Chrono Boost)  
  144  10:05  Probe (Chrono Boost)  
  147  10:11  Probe (Chrono Boost)  
  147  10:12  Stalker x2, Probe x2 (Chrono Boost)  
  147  10:13  Stalker x4, Protoss Air Weapons Level 1 (Chrono Boost)  
  161  10:14  Probe (Chrono Boost)  
  161  10:17  Probe (Chrono Boost)  
  161  10:19  Probe x2 (Chrono Boost)  
  161  10:20  Stalker x2, Probe  
  161  10:21  Stalker  
  153  10:30  Protoss Ground Weapons Level 3 (Chrono Boost), Probe x2  
  153  10:33  Fleet Beacon, Stargate  
  154  10:36  Probe x2  
  154  10:42  Probe x2  
  158  10:48  Probe  
  159  10:53  Pylon  
  159  10:59  Photon Cannon  
  159  11:01  Photon Cannon  
  159  11:04  Probe  
  159  11:05  Photon Cannon  
  159  11:09  Zealot x2  
  164  11:17  Photon Cannon  
  164  11:19  Tempest x3 (Chrono Boost)  
  164  11:20  Photon Cannon  
  160  11:33  Zealot x7  
  170  11:47  Nexus  
  170  11:49  Pylon  
  170  11:54  High Templar x3  
  172  11:57  Tempest x2 (Chrono Boost)  
  172  12:00  Oracle (Chrono Boost)  
  189  12:10  Archon  
  189  12:11  Archon  
  189  12:14  Zealot x3  
  189  12:15  Zealot x2  
  197  12:16  Zealot, Probe  
  197  12:20  Zealot  
  197  12:21  Probe x3  
  194  12:29  Probe  
  191  12:35  Tempest (Chrono Boost)  
  196  12:39  Photon Cannon, Shield Battery  
  196  12:41  Observer  
  195  12:46  Carrier (Chrono Boost)  
  197  12:55  Pylon  
  185  13:10  Carrier (Chrono Boost)  
  185  13:12  Protoss Shields Level 1 (Chrono Boost)  
  185  13:15  Carrier (Chrono Boost)  
  197  13:21  Photon Cannon, Shield Battery  
  197  13:23  Pylon  
  197  13:27  Assimilator  
  197  13:31  Assimilator  
  185  13:45  Zealot x9  
  197  13:59  Zealot  
  195  14:06  Zealot x4  
  181  14:25  Carrier (Chrono Boost)  
  173  14:33  Carrier (Chrono Boost)  
  181  14:39  Protoss Air Weapons Level 2 (Chrono Boost)  
  181  14:41  Probe (Chrono Boost)  
  181  14:43  High Templar x2  
  181  14:44  High Templar x3  
  181  14:45  High Templar  
  195  14:47  Probe (Chrono Boost)  
  195  14:49  Zealot  
  195  14:50  Zealot  
  199  14:58  Zealot x2, Probe  
  199  14:59  Probe  
  193  15:08  Probe x2  
  193  15:11  Zealot x2  
  152  15:26  Zealot x4  
  150  15:31  Fleet Beacon  
  150  15:35  Void Ray (Chrono Boost)  
  142  15:44  Warp Prism (Chrono Boost)  
  142  15:45  Void Ray (Chrono Boost)  
  146  16:08  Nexus  
  141  16:11  Zealot x3  
  141  16:16  Stalker x2  
  142  16:25  High Templar x4  
  159  16:30  Archon  
  159  16:31  Archon  
  155  16:34  Stalker x3  
  137  16:57  Zealot x5  
  137  16:58  Zealot  
  149  17:18  Templar Archives  
  149  17:20  Stalker x3  
  137  18:03  Pylon  
  137  18:04  Pylon  
  131  18:07  Pylon  
  131  18:08  Nexus, Pylon  
  131  18:13  Pylon  
  131  18:32  High Templar x3  
  128  18:42  Archon  
  128  18:48  High Templar x3  
  125  18:57  Archon  
  125  19:04  High Templar x3  
  125  19:09  Archon  
  128  19:23  High Templar x3  
  121  19:30  Archon  
  121  19:42  High Templar  
  121  19:43  High Templar x2  
  127  19:49  Archon  
  115  20:21  Archon x2  
  109  20:33  Archon  
  109  20:34  Archon  
  103  20:36  High Templar x3  
Show
View Real Time Build Order
Export as new Build Order

BlyOnFire Zerg - Winner!

Build Orders: Hatch First, Brood Lord Corruptor 

Get SALT Encoding   

  12  0:00  Drone  
  13  0:12  Overlord  
  13  0:16  Drone  
  14  0:30  Drone x2  
  16  0:48  Hatchery  
  15  0:51  Drone  
  15  0:55  Drone  
  17  0:58  Drone  
  18  1:08  Extractor  
  17  1:14  Spawning Pool  
  17  1:17  Drone  
  17  1:20  Drone  
  18  1:27  Drone  
  19  1:45  Drone  
  20  1:52  Drone  
  21  1:56  Hatchery  
  21  2:00  Queen  
  22  2:03  Zergling x2  
  22  2:07  Zergling x2  
  24  2:15  Queen  
  24  2:21  Overlord  
  26  2:27  Metabolic Boost  
  26  2:30  Drone  
  27  2:39  Queen  
  27  2:41  Zergling x2  
  30  2:45  Drone  
  30  2:46  Zergling x2  
  30  2:47  Drone  
  33  2:51  Drone  
  34  3:06  Drone x2  
  34  3:09  Drone x3  
  39  3:15  Queen  
  39  3:18  Overlord  
  41  3:32  Drone, Overlord  
  41  3:34  Overlord  
  42  3:38  Drone x4  
  42  3:39  Drone x2  
  48  3:41  Spore Crawler  
  47  3:49  Drone x3  
  47  3:51  Spore Crawler  
  47  3:54  Drone  
  47  3:55  Drone x2  
  52  4:00  Overlord  
  52  4:02  Overlord  
  52  4:08  Overlord  
  51  4:12  Overlord  
  51  4:13  Spore Crawler  
  51  4:14  Drone  
  51  4:15  Drone x2  
  51  4:16  Drone  
  54  4:20  Spore Crawler  
  50  4:28  Drone x5  
  55  4:31  Drone x2  
  55  4:39  Drone x2, Lair  
  57  4:49  Drone x7  
  64  4:58  Zergling x4  
  64  4:59  Zergling x6  
  69  5:02  Extractor  
  69  5:05  Roach Warren  
  69  5:06  Evolution Chamber  
  66  5:07  Queen  
  66  5:21  Drone x9  
  73  5:26  Drone  
  74  5:30  Overlord x3  
  74  5:32  Extractor x2  
  74  5:33  Extractor, Zerg Melee Weapons Level 1  
  74  5:34  Overlord  
  74  5:35  Queen  
  71  5:38  Overlord  
  73  5:48  Glial Reconstitution  
  73  5:49  Drone x9  
  81  5:55  Extractor  
  79  6:04  Drone x4  
  79  6:05  Drone x4  
  79  6:06  Drone  
  86  6:18  Baneling Nest  
  86  6:21  Hatchery  
  86  6:24  Roach x10  
  104  6:33  Overlord x3  
  104  6:40  Hatchery  
  101  6:47  Zergling x6  
  101  6:48  Zergling x12  
  110  7:01  Zergling x10  
  113  7:06  Spire  
  111  7:10  Centrifical Hooks  
  111  7:17  Roach x9  
  129  7:30  Hatchery  
  129  7:34  Overlord, Overseer, Ravager x3  
  129  7:35  Overlord x2  
  131  7:48  Zergling x16  
  134  7:55  Baneling x10  
  134  7:56  Ravager x6  
  137  7:59  Drone x9  
  146  8:07  Zerg Melee Weapons Level 2  
  146  8:10  Extractor  
  145  8:13  Baneling x5  
  145  8:15  Zergling x10  
  149  8:22  Infestation Pit  
  148  8:29  Overlord  
  148  8:31  Drone x11  
  149  8:43  Corruptor x4  
  149  8:45  Zergling x8  
  161  8:52  Extractor  
  161  8:53  Zergling x4  
  162  8:58  Hatchery  
  162  9:01  Zergling x12  
  167  9:04  Hive  
  167  9:20  Spine Crawler  
  167  9:21  Spine Crawler  
  165  9:25  Baneling x2  
  165  9:26  Baneling x3, Zergling x2  
  165  9:27  Zergling x26, Overlord  
  171  9:57  Baneling x5  
  171  9:59  Zergling x38  
  189  10:00  Overlord  
  189  10:02  Baneling x14  
  189  10:03  Baneling  
  189  10:10  Overlord x4  
  181  10:25  Corruptor x7, Greater Spire  
  181  10:26  Corruptor  
  192  10:40  Spine Crawler  
  191  10:42  Spine Crawler  
  191  10:45  Spine Crawler  
  191  10:46  Spine Crawler x2  
  186  11:10  Viper, Infestor  
  164  11:36  Adrenal Glands  
  164  11:37  Zerg Melee Weapons Level 3  
  164  11:40  Brood Lord x8  
  164  11:43  Zergling x28  
  194  11:57  Brood Lord  
  194  11:58  Brood Lord  
  178  12:42  Corruptor x10  
  198  12:47  Corruptor  
  193  12:54  Corruptor x2  
  193  12:57  Zergling x6  
  193  12:58  Zergling x24  
  199  13:04  Spine Crawler x2  
  199  13:05  Spine Crawler  
  196  13:06  Spine Crawler  
  196  13:12  Corruptor x2  
  195  13:13  Hatchery  
  189  13:47  Corruptor x4  
  193  13:59  Zergling x30  
  195  14:05  Zergling x24  
  195  14:09  Zergling x10  
  198  14:14  Zerg Ground Armor Level 1  
  188  14:25  Drone x3  
  189  14:37  Viper  
  192  14:42  Corruptor x4  
  200  14:47  Spine Crawler  
  200  14:48  Spine Crawler  
  194  15:00  Zergling x4  
  194  15:01  Zergling x8  
  194  15:02  Zerg Flyer Armor Level 1  
  183  15:22  Corruptor x5  
  183  15:23  Corruptor x4  
  198  15:30  Burrow  
  197  15:41  Overseer  
  197  15:42  Overseer x2  
  196  15:48  Spore Crawler, Extractor  
  196  15:49  Drone x4, Extractor, Spine Crawler  
  196  15:51  Spine Crawler  
  196  15:52  Baneling  
  196  15:53  Baneling  
  193  15:57  Zergling x12  
  195  16:24  Zergling x10  
  197  16:56  Zerg Flyer Weapons Level 1  
  197  16:59  Zergling x4  
  198  17:12  Zergling x2  
  198  17:13  Zergling x2  
  193  17:25  Zergling x2  
  193  17:26  Zergling x34  
  198  17:41  Zerg Ground Armor Level 2  
  186  18:07  Zergling x24  
  186  18:10  Hatchery  
  192  18:49  Infestor x3  
  192  18:54  Spore Crawler  
  192  18:55  Spore Crawler x2  
  185  19:09  Hatchery  
  184  19:12  Hatchery  
  183  19:17  Viper x2  
  183  19:18  Viper x2  
  183  19:19  Infestor x2  
  197  19:26  Spore Crawler x2  
  197  19:28  Spore Crawler  
  197  19:29  Spore Crawler  
  183  19:32  Zergling x26  
  196  19:39  Drone x2  
  197  19:46  Drone x3  
Tags
 
Add a new tag
Caveats
  • Supply blocks, unpowered buildings, or Contaminate may cause inaccurate times.
  • Supply counts are checked every 10 seconds.